 Dungeon Crawl Stone Soup version 0.25.1-2-g60ff931df9 (webtiles) character file.

Game seed: 13380702314767061839

571 Erymatos the Chopper (level 7, -7/61 HPs)
             Began as a Minotaur Berserker on Oct 31, 2020.
             Was a Priest of Trog.
             Mangled by a phantom (9 damage)
             ... on level 4 of the Dungeon.
             The game lasted 00:04:14 (2848 turns).

Erymatos the Chopper (Minotaur Berserker)           Turns: 2848, Time: 00:04:15

Health: -7/61      AC:  2    Str: 23    XL:     7   Next: 12%
Magic:  6/6        EV: 13    Int:  4    God:    Trog [***...]
Gold:   113        SH:  0    Dex: 10    Spells: 6/6 levels left

rFire    . . .     SeeInvis .   a - +0 hand axe
rCold    . . .     Gourm    .   (no shield)
rNeg     . . .     Faith    .   b - +0 animal skin
rPois    .         Spirit   .   (helmet restricted)
rElec    .         Reflect  .   (no cloak)
rCorr    .         Harm     .   (no gloves)
MR       .....                  (no boots)
Stlth    ++........             (no amulet)
HPRegen  0.20/turn              (no ring)
MPRegen  0.10/turn              (no ring)

@: lethally poisoned (-7 -> -7), berserk cooldown, slowed, very slow
A: retaliatory headbutt, horns 2
a: Berserk, Trog's Hand, Renounce Religion


You were on level 4 of the Dungeon.
You worshipped Trog.
Trog was most pleased with you.
You were hungry.

You visited 1 branch of the dungeon, and saw 3 of its levels.

You collected 113 gold pieces.

Inventory:

Hand Weapons
 a - a +0 hand axe (weapon)
Armour
 b - a +0 animal skin (worn)
Scrolls
 e - a scroll of teleportation {unknown}
 f - 2 scrolls of random uselessness {unknown}
 h - 4 scrolls of identify {unknown}
 j - a scroll of fog {unknown}
Potions
 d - 2 potions of curing {unknown}
 g - a potion of degeneration {unknown}
 i - a potion of haste {unknown}
 l - a potion of invisibility {unknown}
Comestibles
 c - 9 rations
 k - a chunk of flesh


   Skills:
 + Level 5.2 Fighting
 + Level 7.1 Axes
 + Level 2.9 Armour
 + Level 4.4 Dodging
 + Level 2.1 Stealth


You had 6 spell levels left.
You didn't know any spells.
Your spell library was empty.

Dungeon Overview and Level Annotations

Branches:
Dungeon (4/15)             Temple (0/1) D:4

Altars:


Innate Abilities, Weirdness & Mutations

You reflexively headbutt those who attack you in melee.
You have a pair of horns on your head.


Message History

* * * LOW HITPOINT WARNING * * *
The phantom blinks!
Unknown command.
You feel a strong urge to attack something.
You are no longer berserk.
You are exhausted.
You feel yourself slow down.
You feel sick.
The phantom blinks!
The phantom blinks!
You closely miss the phantom.
You feel sick.
The phantom blinks!
The phantom blinks!
The phantom hits you.
* * * LOW HITPOINT WARNING * * *
You closely miss the phantom. You headbutt the phantom.
The phantom is lightly damaged.
The phantom hits you!
* * * LOW HITPOINT WARNING * * *
Unknown command.
You hit the phantom but do no damage.
The phantom is lightly damaged.
You feel sick. The phantom hits you!
You die...

###### ######## ######....#
...##....#
..##...##....####.....##....#
...+....'.............##....#####
..##...##..).######....+......#..
..............##...#####....#.#.#
...............'...+........>....
......<...#....#W..###........#.#
.###......#.####@.........###.#..
.................................
.#.#........#.###.......#.#.##..÷
.#.#.÷....#.# #.#.....#.#.##..#
.#.#....#.### #.#.#####.#.###.#
.#.......... #.#.......#......
######.#..### #.#..............
.... ..#..# .....<........#..
#### ###### ..########.......


You could see a phantom.

Vanquished Creatures
  An ogre (D:4)
  A phantom (D:4)
  A scorpion (D:4)
  A howler monkey (D:4)
  A hound (D:4)
  A gnoll shaman (D:4)
  An orc wizard (D:4)
  Jessica (D:2)
  2 iguanas (D:4)
  Natasha (D:2)
  A worker ant (D:4)
  3 gnolls (D:4)
  An adder (D:2)
  An adder skeleton (D:4)
  A worm (D:4)
  3 dart slugs
  3 leopard geckos
  3 orcs (D:4)
  A giant cockroach (D:1)
  5 goblins
  4 hobgoblins
  8 jackals
  2 kobolds
  A ball python (D:2)
  6 bats
  A frilled lizard (D:1)
  4 rats
59 creatures vanquished.

Notes
Turn   | Place    | Note
-------+----------+-------------------------------------------
     0 | D:1      | Erymatos the Minotaur Berserker began the quest for the
                  | Orb.
     0 | D:1      | Reached XP level 1. HP: 19/19 MP: 0/0
   232 | D:1      | Reached XP level 2. HP: 5/27 MP: 1/1
   499 | D:1      | Reached skill level 4 in Axes
   890 | D:1      | Reached XP level 3. HP: 27/33 MP: 2/2
  1258 | D:2      | Reached ** piety under Trog
  1325 | D:2      | Noticed Jessica
  1330 | D:2      | Killed Jessica
  1335 | D:2      | Reached XP level 4. HP: 40/40 MP: 3/3
  1966 | D:2      | Noticed Natasha
  1972 | D:2      | Killed Natasha
  1972 | D:2      | Reached skill level 5 in Axes
  2015 | D:2      | You fall into a shaft and drop 2 floors!
  2022 | D:4      | Noticed an ogre
  2026 | D:4      | Killed an ogre
  2026 | D:4      | Reached skill level 1 in Stealth
  2026 | D:4      | Reached XP level 5. HP: 47/47 MP: 4/4
  2303 | D:4      | Noticed a phantom
  2306 | D:4      | Reached XP level 6. HP: 53/53 MP: 5/5
  2328 | D:4      | Reached skill level 6 in Axes
  2405 | D:4      | Reached skill level 5 in Fighting
  2465 | D:4      | Found a staircase to the Ecumenical Temple.
  2675 | D:4      | Reached XP level 7. HP: 44/61 MP: 6/6
  2748 | D:4      | Reached skill level 7 in Axes
  2840 | D:4      | Reached *** piety under Trog
  2847 | D:4      | HP: 3/61 [phantom (8)]
  2848 | D:4      | Mangled by a phantom

Illustrated notes

Levels and vault maps discovered:
D:1:      dpeg_arrival_court, layout_loops_ring
D:2:      layout_rooms, serial_forest, infiniplex_forest_end_2,
          infiniplex_forest_clump_large, infiniplex_forest_lined_4_way,
          infiniplex_forest_straight_3, infiniplex_forest_lined_2,
          infiniplex_forest_lined_room_, infiniplex_forest_straight_1,
          infiniplex_forest_lined_2, uniq_jessica, uniq_natasha
D:4:      kennysheep_six_static_rooms, layout_basic,
          minmay_temple_entry_mini_moons

Skill      XL: |  1  2  3  4  5  6  7 |
---------------+----------------------+-----
Fighting       | 4 5 |  5.2
Axes           | 4 5 6 7 |  7.1
Dodging        | 3 4 |  4.4
Stealth        | 1 2 |  2.1
Armour         | |  2.9

Action                   |  1- 3 |  4- 6 |  7- 9 || total
-------------------------+-------+-------+-------++-------
Melee: Hand axe          |    51 |    81 |    11 ||   143
       Headbutt          |    10 |    23 |     2 ||    35
Invok: Berserk           |       |     2 |     1 ||     3
 Stab: Sleeping          |     2 |     1 |       ||     3
  Eat: Chunk             |     1 |     6 |     1 ||     8
Armor: Animal skin       |    14 |    13 |       ||    27
Dodge: Dodged            |    35 |    61 |     5 ||   101
